 Dungeon Crawl Stone Soup version 0.28-a0-589-g333b8329f1 (webtiles) character file.

Game seed: 10915582474681509894

1479 porpoise the Thaumaturge (level 8, -23/41 HPs)
             Began as a Deep Elf Conjurer on Oct 4, 2021.
             Was an Initiate of Vehumet.
             Annihilated by a titanic slime creature (29 damage)
             ... on level 7 of the Dungeon.
             The game lasted 00:18:13 (10702 turns).

porpoise the Thaumaturge (Deep Elf Conjurer)       Turns: 10702, Time: 00:18:14

Health: -23/41     AC:  9    Str:  4    XL:     8   Next: 50%
Magic:  2/22       EV: 12    Int: 32    God:    Vehumet [......]
Gold:   256        SH:  0    Dex: 13    Spells: 12/23 levels left

rFire   . . .      SeeInvis .   b - +0 hunting sling
rCold   . . .      Faith    .   (no shield)
rNeg    . . .      Spirit   .   B - +0 steam dragon scales
rPois   .          Reflect  .   (no helmet)
rElec   .          Harm     .   s - +0 cloak
rCorr   .          Rampage  .   z - +2 pair of gloves
Will    .....                   (no boots)
Stlth   ++........              (no amulet)
HPRegen 0.13/turn               m - +6 ring of intelligence
MPRegen 0.18/turn               (no ring)

@: about to teleport, flying, hasted, very quick
A: no striking features
a: Renounce Religion


You were on level 7 of the Dungeon.
You worshipped Vehumet.
Vehumet was noncommittal.
You visited 2 branches of the dungeon, and saw 7 of its levels.

You collected 256 gold pieces.

Inventory:

Hand Weapons
 a - a +0 rapier
 b - a +0 hunting sling (weapon)
Missiles
 e - 128 stones
 r - 21 sling bullets (quivered ammo)
 t - 9 poisoned darts
Armour
 d - a +0 robe
 s - a +0 cloak (worn)
 z - a +2 pair of gloves (worn)
 B - +0 steam dragon scales (worn)
Magical Staves
 j - a staff of earth
Jewellery
 h - an amulet of guardian spirit
 m - a +6 ring of intelligence (left hand)
Wands
 v - a wand of flame (22)
Scrolls
 c - a scroll of teleportation
 g - a scroll of enchant armour {unknown}
 n - a scroll of vulnerability
 p - a scroll of noise
 w - a scroll of magic mapping {unknown}
 x - a scroll of acquirement {unknown}
 A - a scroll of fog {unknown}
Potions
 f - a potion of haste
 i - a potion of lignification
 k - 2 potions of attraction
 l - a potion of might
 q - a potion of berserk rage {unknown}
 u - a potion of curing {unknown}
 C - a potion of ambrosia {unknown}


   Skills:
 - Level 2.4 Dodging
 - Level 2.4 Stealth
 + Level 8.4 Spellcasting
 - Level 7.0 Conjurations
 - Level 7.0 Hexes
 - Level 5.0 Translocations


You had 12 spell levels left.
You knew the following spells:

 Your Spells              Type           Power      Damage    Failure   Level
a - Magic Dart            Conj           100%       1d8       1%          1
b - Searing Ray           Conj           100%       2d8       1%          2
c - Fulminant Prism       Conj/Hex       27%        3d14      1%          4
d - Iskenderun's Mystic   Conj/Tloc      51%        2d11      3%          4

Your spell library contained the following spells:

 Spells                   Type           Power      Damage    Failure   Level
 Apportation              Tloc           90%        N/A       1%          1
 Dazzling Flash           Conj/Hex       100%       N/A       1%          3
 Animate Skeleton         Necr           26%        N/A       3%          1
 Summon Small Mammal      Summ           52%        N/A       3%          1


Dungeon Overview and Level Annotations

Branches:
Dungeon (7/15)             Temple (1/1) D:6

Altars:
Gozag
Kikubaaqudgha
Qazlal
Sif Muna
Uskayaw
Vehumet
Xom
The Shining One


Message History

Casting: Searing Ray (safe; 1% risk of failure)
Confirm with . or Enter, or press ? or * to list all spells.
Aiming: Searing Ray (safe; 1% risk of failure)
Press: ? - help, Shift-Dir - straight line, f - slime creature, p - titanic slime creature
Aim: a slime creature (96% to hit)
The searing ray hits the titanic slime creature!
The titanic slime creature is moderately wounded.
The searing ray hits the slime creature.
The slime creature is lightly wounded. (Press . to maintain the ray.)
The searing ray hits the titanic slime creature.
The titanic slime creature is moderately wounded.
The searing ray hits the slime creature!
The slime creature is moderately wounded.
The titanic slime creature barely misses you.
The searing ray hits the titanic slime creature!
The titanic slime creature is heavily wounded.
The searing ray hits the slime creature!
The slime creature is heavily wounded.
The titanic slime creature closely misses you.
The searing ray misses the titanic slime creature.
The searing ray hits the slime creature!
The slime creature is severely wounded.
You finish channelling your searing ray.
The titanic slime creature hits you!
* * * LOW HITPOINT WARNING * * *
As you read the scroll of teleportation, it crumbles to dust.
You feel strangely unstable.
The titanic slime creature hits you but does no damage.
You feel much better.
The titanic slime creature barely misses you.
It was a potion of haste.
You feel yourself speed up. The titanic slime creature hits you!!
Ouch! That really hurt!
* * * LOW HITPOINT WARNING * * *
It was a potion of flight.
You feel very buoyant.
You fly up into the air.
The titanic slime creature hits you!!
Ouch! That really hurt!
You die...

.......# ......#
##...## ##..##
##..## #...##
#....####
#.......## ###
#........####@#
#...##.....##J#
#...####......J#
#...# ###....##
#...# ###..##
#.... ###.....##
#... #...$....#
#....$...###
#........##


You could see a titanic slime creature and a slime creature.

Vanquished Creatures
  Grinder (D:3)
  A wyvern (D:7)
  A steam dragon (D:7)
  An orc warrior (D:6)
  An ogre (D:6)
  A necrophage (D:6)
  A centaur (D:6)
  A gnoll sergeant (D:6)
  2 scorpions
  A wyvern skeleton (D:7)
  A hound (D:6)
  Crazy Yiuf (D:2)
  An orc priest (D:6)
  A bullfrog skeleton (D:7)
  3 iguanas
  A jelly (D:3)
  An orc wizard (D:6)
  An adder (D:3)
  8 gnolls (D:6)
  2 howler monkey skeletons
  A white imp (D:6)
  An ufetubus (D:6)
  An adder skeleton (D:3)
  A worm (D:2)
  A dart slug (D:2)
  11 orcs
  4 bats
  6 endoplasms
  3 giant cockroaches
  7 goblins
  6 hobgoblins
  A jackal (D:2)
  2 quokkas (D:2)
  3 ball pythons
  2 frilled lizards (D:1)
  8 kobolds
  3 rats (D:2)
92 creatures vanquished.

Notes
Turn   | Place    | Note
-------+----------+-------------------------------------------
     0 | D:1      | porpoise the Deep Elf Conjurer began the quest for the Orb.
     0 | D:1      | Reached XP level 1. HP: 10/10 MP: 6/6
   397 | D:1      | Reached XP level 2. HP: 15/15 MP: 2/8
   551 | D:1      | Learned a level 2 spell: Searing Ray
  1899 | D:2      | Found a runed translucent door.
  1900 | D:2      | Noticed Crazy Yiuf
  1992 | D:2      | Reached skill level 4 in Spellcasting
  2039 | D:2      | Reached XP level 3. HP: 19/19 MP: 3/10
  2337 | D:2      | Reached skill level 5 in Conjurations
  2538 | D:2      | Found a faded altar of an unknown god.
  3182 | D:2      | Killed Crazy Yiuf
  3183 | D:2      | Reached XP level 4. HP: 24/24 MP: 7/12
  3333 | D:2      | Learned a level 4 spell: Fulminant Prism
  3338 | D:2      | Learned a level 4 spell: Iskenderun's Mystic Blast
  3471 | D:3      | Noticed Grinder
  3478 | D:3      | Paralysed by Grinder for 2 turns
  3485 | D:3      | Paralysed by Grinder for 5 turns
  3492 | D:3      | Killed Grinder
  3493 | D:3      | Reached skill level 5 in Spellcasting
  3493 | D:3      | Reached XP level 5. HP: 7/28 MP: 1/15
  3493 | D:3      | Reached XP level 6. HP: 8/32 MP: 1/16
  4328 | D:3      | Reached skill level 6 in Spellcasting
  7080 | D:4      | You fall into a shaft and drop 3 floors!
  7080 | D:7      | Noticed a slime creature
  7080 | D:7      | Noticed a slime creature
  7080 | D:7      | Noticed a slime creature
  7080 | D:7      | Noticed a slime creature
  7080 | D:7      | Noticed a slime creature
  7080 | D:7      | Noticed a slime creature
  7094 | D:6      | Reached skill level 7 in Spellcasting
  7094 | D:6      | Reached skill level 5 in Hexes
  7094 | D:6      | Reached XP level 7. HP: 33/36 MP: 10/19
  7844 | D:6      | HP: 1/36 [orc priest/nerve-wracking pain (9)]
  8888 | D:6      | Found a staircase to the Ecumenical Temple.
  8900 | Temple   | Entered the Ecumenical Temple
  8936 | Temple   | Became a worshipper of Vehumet
  9045 | D:6      | Reached skill level 5 in Translocations
  9045 | D:6      | Reached XP level 8. HP: 3/41 MP: 16/20
 10030 | D:7      | Reached skill level 8 in Spellcasting
 10457 | D:7      | Found a shimmering blue altar of Sif Muna.
 10702 | D:7      | Annihilated by a titanic slime creature

Illustrated notes

Levels and vault maps discovered:
D:1:      wander_arrival_estate, layout_rooms
D:2:      layout_basic, shapermc_ecumenical_altar_notcrosses,
          kennysheep_generic_room_2, uniq_crazy_yiuf_cottage
D:3:      layout_loops_cross, uniq_grinder
D:4:      layout_loops_ring
D:6:      layout_rooms, minmay_temple_entry_statues_fountains, minivault_26,
          dk_noncrumbling_3
D:7:      layout_layer_cave, kennysheep_ying_yang,
          mainiacjoe_overflow_surrounded_room
Temple:   jpeg_temple_island

Skill      XL: |  1  2  3  4  5  6  7  8 |
---------------+-------------------------+-----
Spellcasting   | 4 5 7 8 |  8.4
Conjurations   | 5 7 |  7.0
Hexes          | 3 5 7 |  7.0
Translocations | 2 5 |  5.0
Dodging        | |  2.4
Stealth        | |  2.4

Action                   |  1- 3 |  4- 6 |  7- 9 || total
-------------------------+-------+-------+-------++-------
 Fire: Hunting sling     |       |       |    14 ||    14
 Cast: Magic Dart        |    34 |    15 |    12 ||    61
       Searing Ray       |    15 |    20 |    26 ||    61
  Use: Scroll            |     4 |     3 |     2 ||     9
       Potion            |       |       |     3 ||     3
Armor: Robe              |     3 |     1 |     1 ||     5
       Steam dragon scal |       |       |     4 ||     4
Dodge: Dodged            |     5 |     5 |    23 ||    33

Table legend: (Time is in decaauts)
 A = Elapsed time spent in this place.
 B = Non-inter-level travel time spent in this place.
 C = Inter-level travel time spent in this place.
 D = Time resting spent in this place.
 E = Time spent auto-exploring this place.
 F = Levels seen in this place.
 G = Mean time per level.
                   A        B        C        D        E       F      G
               +--------+--------+--------+--------+--------+-----+--------+
         Total |  10702 |  10539 |    163 |   7508 |   2067 |   7 | 1528.9 |
       Dungeon |  10634 |  10503 |    131 |   7508 |   2038 |   6 | 1772.3 |
        Temple |     68 |     36 |     32 |      0 |     29 |   1 |   68.0 |
               +--------+--------+--------+--------+--------+-----+--------+

Top non-repeatable levels by time:
     D:6: 2578 daAuts
     D:3: 1958 daAuts
     D:1: 1752 daAuts
     D:4: 1739 daAuts
     D:2: 1629 daAuts
     D:7: 976 daAuts
  Temple: 68 daAuts
